 Dungeon Crawl Stone Soup version 0.29.0-4-gdea44cf6ec (webtiles) character file.

Game seed: 3634380474374550436

420 qw the Chopper (level 6, -3/37 HPs)
             Began as a Tengu Warper on Aug 28, 2022.
             Slain by Ijyb
             ... wielding a +1 dagger of venom
              (4 damage)
             ... on level 3 of the Dungeon.
             The game lasted 00:00:18 (3807 turns).

qw the Chopper (Tengu Warper)                       Turns: 3807, Time: 00:00:18

Health: -3/37      AC:  3    Str: 13    XL:     6   Next: 94%
Magic:  10/10      EV: 14    Int: 14    God:
Gold:   80         SH:  0    Dex: 13    Spells: 9/9 levels left

rFire   . . .      SeeInvis .   Y - +0 hand axe
rCold   + . .      Faith    .   (no shield)
rNeg    . . .      Spirit   .   b - +0 leather armour
rPois   .          Reflect  .   (helmet restricted)
rElec   .          Harm     .   (no cloak)
rCorr   .          Rampage  .   (no gloves)
Will    .....                   (boots unavailable)
Stlth   +.........              (no amulet)
HPRegen 0.12/turn               (no ring)
MPRegen 0.12/turn               (no ring)

@: lethally poisoned (-3 -> -25), flying quickly and evasively, quick
A: beak, talons 3, nimble flight, cold resistance 1, MP-powered wands
a: no special abilities


You were on level 3 of the Dungeon.
You visited 1 branch of the dungeon, and saw 3 of its levels.
You also visited: Sewer.

You collected 80 gold pieces.


Innate Abilities, Weirdness & Mutations

You have a beak for a mouth.
You have claws for feet.
Your magical nature lets you fly swiftly and evasively.
Your flesh is cold resistant. (rC+)
You expend magic power (3 MP) to strengthen your wands.


   Skills:
 - Level 3.0 Fighting
 + Level 7.0 Axes
 - Level 1.0 Throwing
 - Level 1.1 Armour
 - Level 3.1 Dodging
 - Level 2.0 Spellcasting
 - Level 2.4 Translocations


You had 9 spell levels left.
You didn't know any spells.
Your spell library contained the following spells:

 Spells                   Type           Power      Damage    Failure   Level
 Blink                    Tloc           16%        N/A       17%         2
 Gell's Gravitas          Tloc           8%         N/A       34%         3
 Lesser Beckoning         Tloc           8%         N/A       34%         3
 Teleport Other           Tloc           8%         N/A       34%         3
 Manifold Assault         Tloc           8%         N/A       97%         5

Inventory:

Hand Weapons
 e - a +0 club
 Y - a +0 hand axe (weapon)
Armour
 b - a +0 leather armour (worn)
Scrolls
 a - a scroll of identify
 d - a scroll of butterflies {unknown}
Potions
 g - 3 potions of cancellation
 j - a potion of flight {unknown}
 k - a potion of mutation

Dungeon Overview and Level Annotations

Branches:
Dungeon (3/15)              Sewer (visited)

Altars:

Shops:
D:1 *

Annotations:
D:3 Ijyb


Message History

Ijyb misses you.
You hit Ijyb but do no damage. Your peck misses Ijyb.
You hit Ijyb but do no damage. Your kick misses Ijyb.
You peck Ijyb, but do no damage.
Ijyb hits you with a +1 dagger of venom.
You are poisoned.
You hit Ijyb.
Ijyb is lightly wounded.
You feel sick.
Ijyb hits you with a +1 dagger of venom.
You are more poisoned.
You closely miss Ijyb. You claw Ijyb, but do no damage.
Ijyb is lightly wounded.
You feel very sick.
Ijyb zaps a wand.
The bolt of light misses you.
You hit Ijyb but do no damage.
Ijyb is lightly wounded.
You feel very sick.
Ijyb zaps a wand.
The bolt of light hits you!
3803 ||| DRINKING potion of heal wounds.
You feel much better.
You feel very sick.
Ijyb zaps a wand.
The bolt of light hits you!
You are confused.
You bump into the rock wall.
You feel very sick. Ijyb closely misses you.
You're too confused to move!
You feel sick. Ijyb hits you but does no damage.
You are more poisoned.
You bump into the rock wall.
You feel less confused.
You feel very sick.
Ijyb hits you with a +1 dagger of venom.
You are more poisoned.
You hit Ijyb but do no damage. You peck Ijyb.
Ijyb is lightly wounded.
You feel very sick.
Ijyb hits you with a +1 dagger of venom.
You die...

#### .... .....
####. ..... ....
...... ...
...!..###.#
#....%...#
#....#g#.# #.##
#@# # #### #.#
...### #.# ......
#.# ##.## #.# )#.#
##########.#
...####..........#
#.#.....##########
...###..#######


You could see Ijyb.

Vanquished Creatures
  Sigmund (D:3)
  A scorpion (D:3)
  3 jellies (Sewer)
  A river rat (Sewer)
  An adder (Sewer)
  2 worms
  A dart slug (D:2)
  6 bats
  6 endoplasms
  12 giant cockroaches
  5 goblins
  4 hobgoblins
  13 ball pythons
  4 frilled lizards
  5 kobolds
  9 rats
74 creatures vanquished.

Vanquished Creatures (others)
  4 withered plants (D:2)
4 creatures vanquished.

Grand Total: 78 creatures vanquished

Notes
Turn   | Place    | Note
-------+----------+-------------------------------------------
     0 | D:1      | qw the Tengu Warper began the quest for the Orb.
     0 | D:1      | Reached XP level 1. HP: 12/12 MP: 4/4
     0 | D:1      | 0 ||| qw: Version: 0.1-a-89-g26bdef1
     0 | D:1      | 0 ||| qw: Game counter: 2370
     0 | D:1      | 0 ||| qw: Always use a shield: true
     0 | D:1      | 0 ||| qw: God list: Okawaru
     0 | D:1      | 0 ||| qw: Allow faded altars: false
     0 | D:1      | 0 ||| qw: Do Orc after D:15 true
     0 | D:1      | 0 ||| qw: Do second Lair branch before Depths: true
     0 | D:1      | 0 ||| qw: Lair rune preference: random
     0 | D:1      | 0 ||| qw: Plans: Normal
     0 | D:1      | 0 ||| PLANNING D:1-11
    85 | D:1      | Found Ettaust's Assorted Antiques.
    93 | D:1      | 93 ||| SHOPLISTING murky amethyst potion (25 gold, have
                  | 11).
    93 | D:1      | 93 ||| SHOPLISTING orange potion (25 gold, have 11).
    93 | D:1      | 93 ||| SHOPLISTING scroll labelled MEINIV VOILA (28 gold,
                  | have 11).
    93 | D:1      | 93 ||| SHOPLISTING scroll labelled VUGGAL NYAMIM (28 gold,
                  | have 11).
   123 | D:1      | Reached skill level 3 in Axes
   123 | D:1      | Reached XP level 2. HP: 17/17 MP: 6/6
   600 | D:1      | 600 ||| READING scroll labelled NOLEXAXT UNLISELY.
   601 | D:1      | 601 ||| READING scroll labelled ZUABEL PESIE.
   602 | D:1      | 602 ||| READING scroll labelled FIENTO HIAM.
   741 | D:1      | 741 ||| DRINKING 2 purple potions.
   742 | D:1      | 742 ||| DROPPING scroll of blinking.
   793 | D:2      | Reached XP level 3. HP: 18/21 MP: 7/7
  1163 | D:2      | Reached skill level 4 in Axes
  1244 | D:2      | Found a faded altar of an unknown god.
  1245 | D:2      | 1245 ||| Stepping ~*~*~tactically~*~*~ (stealth).
  1255 | D:2      | HP: 1/21 [worm (7)]
  2103 | D:2      | 2103 ||| READING 4 scrolls labelled VUGGAL NYAMIM.
  2104 | D:2      | 2104 ||| READING scroll labelled PIWITO DODOQEPN.
  2108 | D:2      | 2108 ||| READING 3 scrolls of identify.
  2108 | D:2      | 2108 ||| IDENTIFYING glowing grey potion
  2109 | D:2      | 2109 ||| READING 2 scrolls of identify.
  2109 | D:2      | 2109 ||| IDENTIFYING murky clear potion
  2110 | D:2      | 2110 ||| DROPPING potion of degeneration.
  2152 | D:3      | 2152 ||| PLANNING SEWER
  2212 | D:3      | Noticed Sigmund
  2213 | D:3      | 2213 ||| Stepping ~*~*~tactically~*~*~ (hiding).
  2325 | D:3      | 2325 ||| DRINKING potion of curing.
  2325 | D:3      | 2325 ||| (to cure confusion)
  2326 | D:3      | Killed Sigmund
  2327 | D:3      | Reached skill level 6 in Axes
  2327 | D:3      | Reached XP level 4. HP: 18/26 MP: 8/8
  2327 | D:3      | Gained mutation: Your magical nature lets you fly swiftly
                  | and evasively. [Tengu growth]
  2327 | D:3      | Reached XP level 5. HP: 21/30 MP: 9/9
  2441 | D:3      | Found a glowing drain.
  2442 | D:3      | 2442 ||| READING 2 scrolls of identify.
  2442 | D:3      | 2442 ||| IDENTIFYING orange potion
  2463 | D:3      | 2463 ||| Stepping ~*~*~tactically~*~*~ (stealth).
  2487 | D:3      | Reached skill level 7 in Axes
  2487 | D:3      | Reached XP level 6. HP: 20/35 MP: 10/10
  2734 | D:3      | 2734 ||| Stepping ~*~*~tactically~*~*~ (stealth).
  2736 | D:3      | 2736 ||| Stepping ~*~*~tactically~*~*~ (stealth).
  2738 | D:3      | 2738 ||| Stepping ~*~*~tactically~*~*~ (stealth).
  2741 | D:3      | 2741 ||| Stepping ~*~*~tactically~*~*~ (stealth).
  2747 | D:3      | 2747 ||| Stepping ~*~*~tactically~*~*~ (stealth).
  2823 | Sewer    | Entered a sewer
  3022 | Sewer    | 3022 ||| Stepping ~*~*~tactically~*~*~ (stealth).
  3187 | Sewer    | HP: 7/36 [acid (4)]
  3188 | Sewer    | 3188 ||| DRINKING 2 potions of heal wounds.
  3190 | Sewer    | Reached skill level 3 in Fighting
  3346 | Sewer    | HP: 5/37 [acid (10)]
  3347 | Sewer    | 3347 ||| DRINKING potion of heal wounds.
  3514 | Sewer    | Found a viscous altar of Jiyva.
  3554 | Sewer    | Reached skill level 3 in Dodging
  3709 | Sewer    | 3709 ||| DRINKING 2 fizzy grey potions.
  3710 | Sewer    | 3710 ||| DRINKING 2 smoky inky potions.
  3710 | Sewer    | Gained mutation: You expend magic power (3 MP) to
                  | strengthen your wands. [potion of mutation]
  3710 | Sewer    | Gained mutation: Your flesh is cold resistant. (rC+)
                  | [potion of mutation]
  3711 | Sewer    | 3711 ||| DROPPING potion of magic.
  3731 | D:3      | 3731 ||| PLANNING D:1-11
  3781 | D:3      | 3781 ||| Stepping ~*~*~tactically~*~*~ (stealth).
  3790 | D:3      | Noticed Ijyb
  3791 | D:3      | 3791 ||| Stepping ~*~*~tactically~*~*~ (hiding).
  3792 | D:3      | 3792 ||| Stepping ~*~*~tactically~*~*~ (hiding).
  3793 | D:3      | 3793 ||| Stepping ~*~*~tactically~*~*~ (hiding).
  3802 | D:3      | HP: 9/37 [Ijyb/bolt of light (13)]
  3803 | D:3      | 3803 ||| DRINKING potion of heal wounds.
  3807 | D:3      | HP: 1/37 [poisoned by Ijyb]
  3807 | D:3      | Slain by Ijyb

Levels and vault maps discovered:
D:1:      tarquinn_simple_flora_water_a, layout_rooms, serial_shops,
          nicolae_shop_overgrown_old_shop, chequers_avenue,
          grunt_decor_one_mirror, glass_columns_a, st_stairs_1
D:2:      layout_loops_corners, ebering_ecumenical_altar_petrified,
          palyth_stone_intersect
D:3:      layout_loops_ring, portal_sewer_entry_c, uniq_sigmund, uniq_ijyb

Skill      XL: |  1  2  3  4  5  6 |
---------------+-------------------+-----
Axes           | 3 6 7 |  7.0
Fighting       | 3 |  3.0
Dodging        | 3 |  3.1
Throwing       | |  1.0
Armour         | |  1.1
Spellcasting   | |  2.0
Translocations | |  2.4

Action                   |  1- 3 |  4- 6 || total
-------------------------+-------+-------++-------
Melee: Hand axe          |    74 |    93 ||   167
       Kick              |    20 |    29 ||    49
       Peck              |    15 |    16 ||    31
       Punch             |     2 |     2 ||     4
Throw: Boomerang         |     7 |       ||     7
  Use: Scroll            |     7 |     1 ||     8
       Potion            |     2 |     5 ||     7
Armor: Leather armour    |    13 |    10 ||    23
Dodge: Dodged            |    27 |    46 ||    73

Table legend:
 A = Non-vault XP
 B = Vault XP
 C = Vault XP percentage of total XP
 D = Non-vault monster count
 E = Vault monster count
 F = Vault count percentage of total count
                 A         B        C        D         E       F
            +---------+---------+-------+---------+---------+-------
      Total |     151 |     449 |  74.8 |      41 |      33 |  44.6
            +---------+---------+-------+---------+---------+-------
        D:1 |      27 |       3 |  10.0 |      16 |       2 |  11.1
        D:2 |      31 |       0 |   0.0 |      16 |       0 |   0.0
        D:3 |      93 |     254 |  73.2 |       9 |       6 |  40.0
      Sewer |       0 |     192 | 100.0 |       0 |      25 | 100.0
            +---------+---------+-------+---------+---------+-------
